 Dungeon Crawl Stone Soup version 0.31.0-12-g77e489cdc1 (webtiles) character file.

Game seed: 14995663523399988822

9 Silvore the Trooper (level 2, -2/24 HPs)
             Began as a Demonspawn Fighter on Feb 12, 2024.
             Slain by a hound (4 damage)
             ... on level 2 of the Dungeon.
             The game lasted 00:00:24 (194 turns).

Silvore the Trooper (Demonspawn Fighter)             Turns: 194, Time: 00:00:25

Health: -2/24      AC:  6    Str: 16    XL:     2   Next: 3%
Magic:  2/2        EV:  8    Int:  8    God:
Gold:   15         SH:  4    Dex: 12    Spells: 1/1 levels left

rFire   . . .        a - +0 long sword
rCold   . . .        c - +0 buckler
rNeg    . . .        b - +0 scale mail
rPois   .            (helmet restricted)
rElec   .            (no cloak)
rCorr   .            (no gloves)
SInv    .            (no boots)
Will    .....        (no amulet) Stlth
                     (no ring)
HPRegen 0.24/turn    (no ring)
MPRegen 0.08/turn

%: no passive effects
@: no status effects
A: antennae 1
a: no special abilities


You were on level 2 of the Dungeon.
You visited 1 branch of the dungeon, and saw 2 of its levels.

You collected 15 gold pieces.

Inventory:

Hand Weapons
 a - a +0 long sword (weapon)
Armour
 b - a +0 scale mail (worn)
 c - a +0 buckler (worn)
Jewellery
 f - an amulet of magic regeneration
Scrolls
 e - a scroll of identify {unknown}
Potions
 d - a potion of might


   Skills:
 + Level 3.2 Fighting
 + Level 1.9 Long Blades
 + Level 2.8 Armour
 + Level 0.1 Dodging
 + Level 2.8 Shields


You had one spell level left.
You didn't know any spells.
Your spell library was empty.

Dungeon Overview and Level Annotations

Branches:
Dungeon (2/15)

Altars:


Innate Abilities, Weirdness & Mutations

You have a pair of small antennae on your head.


Message History

The hound bites you.
The rat twitches its whiskers.
The rat bites you but does no damage. The hound barely misses you.
The rat barely misses you. The hound bites you.
* * * LOW HITPOINT WARNING * * *
The hound bites you but does no damage. The rat bites you but does no damage.
The hound bites you but does no damage. The rat bites you but does no damage.
The hound bites you but does no damage. The hound closely misses you.
The rat bites you but does no damage. The hound bites you but does no damage.
You block the rat's attack. You block the hound's attack. The hound bites you.
* * * LOW HITPOINT WARNING * * *
The rat bites you but does no damage. The hound bites you but does no damage.
You block the rat's attack. The hound barely misses you.
The hound bites you but does no damage. The rat bites you.
* * * LOW HITPOINT WARNING * * *
The hound bites you but does no damage. The rat barely misses you.
The hound bites you but does no damage. The hound bites you but does no damage.
You block the rat's attack. The hound bites you but does no damage.
You block the rat's attack. You block the hound's attack.
The hound bites you but does no damage. The rat bites you but does no damage.
The hound barely misses you. The rat bites you but does no damage.
The hound bites you.
* * * LOW HITPOINT WARNING * * *
Unknown command.
The hound bites you but does no damage. The rat bites you but does no damage.
The hound barely misses you. The rat barely misses you.
The hound bites you but does no damage. The hound barely misses you.
The rat bites you but does no damage. The hound barely misses you.
The rat bites you.
* * * LOW HITPOINT WARNING * * *
You block the hound's attack. You block the hound's attack.
The rat barely misses you. The hound bites you.
* * * LOW HITPOINT WARNING * * *
You block the rat's attack. The hound closely misses you. The hound bites you.
You die...

#.#. #.#.#.. #.. ...
#.# #.# ##.###.##
#........ #..###.# #
.#.###...##.##.#!###
...........r@h.>....
.#.#.....##.##....##
#.###.#.... ...# #.
#.#..#.....# #.
#<#..#.....# #
###... ....# ....
.... #### ...


You could see a hound and a rat.

Vanquished Creatures
  2 bats (D:1)
  A goblin (D:1)
  2 hobgoblins (D:1)
  A frilled lizard (D:1)
  2 rats (D:1)
8 creatures vanquished.

Notes
Turn   | Place    | Note
-------+----------+-------------------------------------------
     0 | D:1      | Silvore the Demonspawn Fighter began the quest for the Orb.
     0 | D:1      | Reached XP level 1. HP: 18/18 MP: 1/1
   135 | D:1      | Gained mutation: You have a pair of small antennae on your
                  | head. [demonic ancestry]
   135 | D:1      | Reached XP level 2. HP: 18/24 MP: 2/2
   192 | D:2      | HP: 1/24 [hound (4)]
   194 | D:2      | Slain by a hound

Illustrated notes

Levels and vault maps discovered:
D:1:      dpeg_arrival_water_altar, layout_loops_ring,
          dreamdust_ecumenical_altar_grove, st_stairs_11,
          kennysheep_small_spiral, nicolae_figureground_sparkle
D:2:      layout_basic, basic_altar, chequers_serial_rivers_small_3,
          uniq_sigmund, uniq_robin

Action                     || total
---------------------------++-------
  Melee: Long sword        ||    27
 Armour: Scale mail        ||    75
  Dodge: Dodged            ||    39
  Block: Buckler           ||    25
